Map: Whispers of Gold

Players

BaronVonHorn - Winner!

  • Race: Terran Terran
  • League: Master
  • Spawn Location: 5:00

GangusKaun

  • Race: Protoss Protoss
  • League: Gold
  • Spawn Location: 9:00

VOD

Have the link to the VOD?

Description

Time

  • Played on: Dec. 29, 2024, 12:02 p.m.
  • Length: 11:23
Show
View Real Time Build Order
Export as new Build Order

BaronVonHorn Terran - Winner!

Build Orders:  

Get SALT Encoding   

  12  0:00  SCV  
  13  0:12  SCV  
  14  0:17  Supply Depot  
  14  0:24  SCV  
  15  0:39  SCV  
  15  0:40  Barracks  
  16  0:47  Refinery  
  16  0:55  SCV  
  17  1:07  SCV  
  18  1:27  Orbital Command  
  18  1:30  Barracks Reactor  
  18  1:46  Command Center  
  18  1:55  SCV  
  19  2:06  Marine x2  
  19  2:07  SCV  
  22  2:18  Supply Depot  
  22  2:19  SCV  
  23  2:36  Barracks  
  23  2:39  Barracks  
  23  2:40  Marine x2  
  25  2:47  Bunker, SCV  
  26  2:58  Engineering Bay  
  26  2:59  SCV  
  27  3:08  Orbital Command  
  27  3:13  SCV  
  28  3:24  Marine x2  
  28  3:25  SCV, Barracks Tech Lab  
  31  3:29  Barracks Tech Lab  
  31  3:37  SCV  
  31  3:38  SCV  
  31  3:40  Terran Infantry Weapons Level 1  
  33  3:45  Stimpack  
  33  3:48  Combat Shield  
  33  3:55  SCV  
  34  3:56  SCV  
  34  4:00  Supply Depot  
  34  4:02  Marine  
  35  4:03  Marine x2  
  35  4:04  Marine  
  35  4:07  SCV  
  38  4:20  Marine  
  39  4:32  Marine x3  
  39  4:35  SCV x2  
  39  4:38  Marine  
  45  4:47  SCV x2  
  45  4:49  Marine  
  45  4:50  Marine x2  
  50  4:54  Barracks  
  50  4:56  Barracks x2, Marine  
  50  4:59  SCV  
  52  5:04  Factory  
  52  5:07  Marine x2  
  52  5:09  Supply Depot  
  52  5:13  Marine  
  55  5:18  Supply Depot  
  55  5:19  Supply Depot  
  55  5:32  SCV x2  
  55  5:34  Marine x4  
  61  5:44  SCV  
  62  5:50  Supply Depot  
  62  5:52  Marine x3  
  62  5:54  Supply Depot, Barracks Reactor  
  66  5:57  Barracks Reactor  
  66  5:58  Barracks Reactor  
  66  6:00  Marine  
  66  6:04  SCV x2  
  68  6:05  Starport  
  64  7:02  Marine  
  64  7:03  Marine x9  
  64  7:08  Terran Infantry Armor Level 1  
  74  7:11  Command Center  
  74  7:20  Marine  
  74  7:21  Marine x6  
  81  7:23  Starport Reactor  
  67  8:01  Marine x10  
  73  8:07  SCV x2  
  73  8:08  Medivac  
  77  8:19  Marine x10, SCV x2  
  89  8:31  SCV  
  89  8:37  Marine x5  
  89  8:40  Armory  
  89  8:41  Engineering Bay  
  94  8:43  SCV  
  94  8:44  Supply Depot x2  
  94  8:45  SCV x2  
  97  8:49  Missile Turret x2  
  97  8:52  Missile Turret  
  95  8:58  Missile Turret  
  95  9:01  Supply Depot  
  94  9:06  SCV x2  
  94  9:08  Orbital Command  
  96  9:12  Marine  
  96  9:13  Marine x9  
  106  9:18  SCV x2  
  108  9:27  Refinery  
  108  9:30  Refinery x2, SCV x2  
  105  10:06  Marine x8  
  105  10:07  Marine x2  
  113  10:23  SCV x3  
  113  10:24  Marine x10  
  126  10:30  Medivac x2  
  126  10:35  SCV  
  131  10:37  Supply Depot  
  131  10:39  Supply Depot  
  131  10:42  Marine x10  
  141  10:59  Marine  
  141  11:00  Marine x3  
Show
View Real Time Build Order
Export as new Build Order

GangusKaun Protoss 

Build Orders: 1 Gate Expand 

Get SALT Encoding   

  12  0:17  Probe  
  12  0:18  Pylon  
  13  0:29  Probe  
  14  0:37  Gateway  
  14  0:39  Probe  
  15  0:44  Assimilator  
  15  0:47  Probe  
  15  0:56  Probe  
  17  1:08  Probe  
  18  1:20  Probe  
  19  1:31  Cybernetics Core  
  19  1:44  Nexus  
  19  1:46  Pylon  
  19  2:08  Adept  
  19  2:11  Probe  
  20  2:16  Assimilator  
  20  2:19  Warp Gate  
  22  2:23  Probe  
  22  2:28  Adept  
  22  2:35  Probe  
  25  2:47  Probe  
  26  2:58  Robotics Facility  
  26  3:01  Probe  
  26  3:02  Probe, Gateway  
  26  3:03  Gateway  
  28  3:13  Probe  
  28  3:14  Twilight Council  
  29  3:21  Adept  
  29  3:25  Probe  
  32  3:31  Probe  
  33  3:43  Probe x2  
  33  3:48  Stalker  
  35  3:54  Pylon  
  37  3:58  Warp Prism  
  36  4:31  Probe x2  
  37  4:39  Dark Shrine  
  37  4:41  Robotics Bay  
  37  4:45  Gateway x2  
  37  4:48  Shield Battery  
  37  5:01  Observer  
  38  5:35  Assimilator  
  38  5:36  Pylon  
  38  5:37  Assimilator  
  38  5:40  Probe x2  
  46  5:52  Zealot x4  
  54  6:03  Dark Templar  
  52  6:17  Colossus  
  36  6:36  Dark Templar  
  36  6:38  Zealot x2  
  22  6:47  Pylon  
  18  6:54  Probe  
  18  6:55  Probe  
  20  7:10  Pylon  
  20  7:13  Probe  
  20  7:14  Probe  
  21  7:23  Shield Battery  
  21  7:26  Probe  
  21  7:28  Dark Templar  
  23  7:36  Zealot  
  25  7:43  Colossus  
  25  8:04  Probe  
  26  8:16  Probe  
  27  8:24  Probe  
  27  8:32  Probe  
  28  8:37  Cybernetics Core  
  29  8:43  Observer, Probe  
  29  8:44  Pylon  
  31  8:55  Probe  
  32  9:07  Probe  
  32  9:09  Observer  
  33  9:18  Stalker  
  33  9:19  Probe, Stalker  
  37  9:50  Stalker x3  
  43  10:12  Stalker  
  43  10:13  Stalker  
  47  10:31  Nexus  
  47  11:03  Probe  
  46  11:10  Stalker  
Tags
 
Add a new tag
Caveats
  • Supply blocks, unpowered buildings, or Contaminate may cause inaccurate times.
  • Supply counts are checked every 10 seconds.